 Dungeon Crawl Stone Soup version 0.31-a0-740-g87205ac768 (webtiles) character file.

Game seed: 976374104445120511

107 subawu the Ruffian (level 4, -1/35 HPs)
             Began as a Draconian Shapeshifter on Sept 12, 2023.
             Slain by a hobgoblin (4 damage)
             ... on level 2 of the Dungeon.
             The game lasted 00:04:36 (1685 turns).

subawu the Ruffian (Draconian Shapeshifter)         Turns: 1685, Time: 00:04:37

Health: -1/35      AC:  5    Str: 18    XL:     4   Next: 57%
Magic:  4/4        EV: 12    Int: 10    God:
Gold:   108        SH:  0    Dex: 11    Spells: 3/3 levels left

rFire   . .          .
                       - Unarmed
rCold   . . .        (no shield)
rNeg    . . .        (body armour unavailable)
rPois   .            (helmet currently unavailable)
rElec   .            (cloak currently unavailable)
rCorr   .            (gloves currently unavailable)
SInv    .            (boots currently unavailable)
Will    .....        (no amulet)
Stlth   +            (no ring)
HPRegen 0.25/turn    (no ring)
MPRegen 0.09/turn

%: no passive effects
@: beast-form, slowed, very slow
A: beast (slay +2), AC +5, unfitting armour, cold-blooded
a: Begin Untransformation


You were on level 2 of the Dungeon.
You were a hulking beast.
You visited 1 branch of the dungeon, and saw 2 of its levels.

You collected 108 gold pieces.

Inventory:

Hand Weapons
 i - the +6 mace of Xuanwuiss {heavy, rF++ Str+3 Stlth+}
   (You found it on level 2 of the Dungeon)

   Str+3:     It affects your strength (+3).
   rF++:      It greatly protects you from fire.
   Stlth+:    It makes you more stealthy.
Missiles
 e - 2 javelins
Talismans
 b - a beast talisman (active)
 c - a flux talisman
Scrolls
 d - a scroll of fear {unknown}
 f - 4 scrolls of identify {unknown}
 g - a scroll of poison {unknown}
 l - a scroll of blinking {unknown}
Potions
 a - a potion of lignification
 h - a potion of heal wounds {unknown}
 j - a potion of curing {unknown}
 k - a potion of might {unknown}


   Skills:
 + Level 1.2 Fighting
 + Level 2.7 Dodging
 + Level 0.3 Stealth
 + Level 4.1 Unarmed Combat
 + Level 3.5 Shapeshifting


You had 3 spell levels left.
You didn't know any spells.
Your spell library was empty.

Dungeon Overview and Level Annotations

Branches:
Dungeon (2/15)

Altars:

Annotations:
D:2 Terence


Innate Abilities, Weirdness & Mutations

You are a hulking beast.
Your limbs bulge with bestial killing power. (Slay +2)
Your plain brown scales are hard. (AC +5)
You cannot fit into any form of body armour.
You are cold-blooded and may be slowed by cold attacks.


Message History

Natasha claws you. Terence misses you. Natasha claws you.
You barely miss Natasha.
Natasha is lightly wounded.
Terence hits you but does no damage. Natasha claws you but does no damage.
The hobgoblin barely misses you. Terence closely misses you.
You closely miss Natasha. You punch Natasha.
Natasha is heavily wounded.
Natasha claws you. The hobgoblin hits you.
Terence screams, "I want your blood!" Terence hits you with a +0 hand axe.
Natasha barely misses you.
You closely miss Natasha.
Natasha is heavily wounded.
The hobgoblin barely misses you. Terence hits you but does no damage.
Natasha claws you but does no damage. The hobgoblin hits you.
Terence hits you but does no damage.
You completely miss Natasha. You tail-slap Natasha.
Natasha is almost dead.
Natasha closely misses you. The hobgoblin hits you. Terence closely misses you.
Natasha claws you.
You hit Natasha.
You kill Natasha!
Natasha screams in pain as she dies!
The hobgoblin barely misses you. Terence closely misses you.
The hobgoblin hits you. Terence closely misses you.
The hobgoblin barely misses you. Terence hits you with a +0 hand axe.
You see here the felid corpse of Natasha.
The hobgoblin barely misses you. The hobgoblin closely misses you.
Terence hits you with a +0 hand axe.
* * * LOW HITPOINT WARNING * * *
You hit Terence. You tail-slap Terence.
Terence is heavily wounded.
The hobgoblin barely misses you. Terence hits you but does no damage.
You barely miss Terence.
Your tail-slap misses Terence.
Terence is heavily wounded.
The hobgoblin closely misses you. Terence hits you with a +0 hand axe.
* * * LOW HITPOINT WARNING * * *
You closely miss Terence. You tail-slap Terence.
Terence is heavily wounded.
The hobgoblin hits you.
You die...

...... #.#.#.# ......
#.#.#.# ......###
#.#.#.# ........ #.#.#
........ #.#.#
.......#### #.#...#
..........# #.#...'
########g.# #.#.###
.......h@.# #.#....
#########.######.#.#####
...............#.#...#
#######.########.#.#.#
#...†..#.......#.#
#.#.##.#.###.###.#
#.#.##.#.# #......
#.#.##.#.# #####.#
#)#.##.#.# #.#


You could see Terence and a hobgoblin.

Vanquished Creatures
  Natasha (twice) (D:2)
  An adder (D:2)
  6 endoplasms (D:1)
  A giant cockroach (D:2)
  3 goblins
  6 hobgoblins
  2 jackals (D:1)
  8 kobolds
  5 ball pythons
  8 bats
  A frilled lizard (D:1)
  2 rats
45 creatures vanquished.

Notes
Turn   | Place    | Note
-------+----------+-------------------------------------------
     0 | D:1      | subawu the Draconian Shapeshifter began the quest for the
                  | Orb.
     0 | D:1      | Reached XP level 1. HP: 16/16 MP: 1/1
   122 | D:1      | Reached XP level 2. HP: 19/23 MP: 2/2
   473 | D:1      | Found a faded altar of an unknown god.
   734 | D:1      | Reached XP level 3. HP: 28/28 MP: 3/3
   920 | D:2      | Identified the +6 mace of Xuanwuiss {heavy, rF++ Str+3
                  | Stlth+}
   963 | D:2      | Noticed Natasha
   978 | D:2      | Killed Natasha
   979 | D:2      | Reached XP level 4. HP: 4/35 MP: 4/4
  1651 | D:2      | Reached skill level 4 in Unarmed Combat
  1658 | D:2      | Noticed Natasha
  1670 | D:2      | Noticed Terence
  1680 | D:2      | Killed Natasha
  1685 | D:2      | Slain by a hobgoblin

Illustrated notes

Levels and vault maps discovered:
D:1:      pf_arrival_petrified_forest, layout_loops_ring,
          shapermc_ecumenical_altar_flowoftime
D:2:      layout_basic, uniq_jessica, uniq_natasha, uniq_terence

Skill      XL: |  1  2  3  4 |
---------------+-------------+-----
Dodging        | 2 |  2.7
Unarmed Combat | 4 |  4.1
Fighting       | |  1.2
Stealth        | |  0.3
Shapeshifting  | |  3.5

Action                     |  1- 3 |  4- 6 || total
---------------------------+-------+-------++-------
  Melee: Unarmed           |   111 |    28 ||   139
         Tailslap          |    14 |     5 ||    19
         Punch             |     3 |     2 ||     5
   Stab: Sleeping          |     1 |       ||     1
 Armour: Skin              |    94 |    27 ||   121
  Dodge: Dodged            |   111 |    27 ||   138

Table legend: (Time is in decaauts)
 A = Elapsed time spent in this place.
 B = Non-inter-level travel time spent in this place.
 C = Inter-level travel time spent in this place.
 D = Time resting spent in this place.
 E = Time spent auto-exploring this place.
 F = Levels seen in this place.
 G = Mean time per level.
                   A        B        C        D        E       F      G
               +--------+--------+--------+--------+--------+-----+--------+
         Total |   1691 |   1691 |      0 |    116 |    575 |   2 |  845.5 |
       Dungeon |   1691 |   1691 |      0 |    116 |    575 |   2 |  845.5 |
               +--------+--------+--------+--------+--------+-----+--------+

Top non-repeatable levels by time:
     D:1: 846 daAuts
     D:2: 845 daAuts
